[Event "*** Titled Tuesday Blitz"]
[Site "Chess.com"]
[Date "2021.04.27"]
[Round "5"]
[White "FeketeBarika"]
[Black "Caterpiller35"]
[Result "0-1"]
[WhiteElo "2256"]
[BlackElo "2493"]
[TimeControl "180+1"]
[EndTime "10:52:07 PDT"]
[Termination "Caterpiller35 won by resignation"]

1. Nf3 Nf6 2. g3 e6 3. Bg2 d5 4. O-O Be7 5. c4 O-O 6. d4 dxc4 7. Qc2 b6 8. Qxc4 Bb7 9. Bg5 Nbd7 10. Nc3 Rc8 11. Rfd1 c5 12. dxc5 Bxc5 13. Qd3 h6 14. Bxf6 Nxf6 15. Qxd8 Rfxd8 16. Rxd8+ Rxd8 17. e3 Bxf3 18. Bxf3 Rd2 19. b3 Bb4 20. Na4 b5 21. a3 bxa4 22.
axb4 axb3 23. Rb1 b2 24. Kg2 Kf8 25. e4 Nd7 26. Kf1 Ne5 27. Bh5 Rc2 28. Ke1 Rc1+ 0-1

[Event "*** Titled Tuesday Blitz"]
[Site "Chess.com"]
[Date "2021.04.27"]
[Round "5"]
[White "gonzaga23"]
[Black "topin8"]
[Result "0-1"]
[WhiteElo "2477"]
[BlackElo "2273"]
[TimeControl "180+1"]
[EndTime "10:52:11 PDT"]
[Termination "topin8 won by checkmate"]

1. e4 e5 2. Nf3 Nc6 3. Bc4 Nf6 4.
d3 Be7 5. c3 O-O 6. O-O d6 7.
a4 Kh8 8. h3 Ng8 9. d4 f5 10.
dxe5 fxe4 11. exd6 exf3 12. dxe7 Qxe7 13. g4 Qh4 14.
Kh2 Bxg4 15. Rh1 Qxh3+ 16. Kg1 Qg2# 0-1

[Event "*** Titled Tuesday Blitz"]
[Site "Chess.com"]
[Date "2021.04.27"]
[Round "5"]
[White "Jospem"]
[Black "Zallio"]
[Result "1-0"]
[WhiteElo "2996"]
[BlackElo "2064"]
[TimeControl "180+1"]
[EndTime "10:52:26 PDT"]
[Termination "Jospem won by resignation"]

1. e4 e6 2. d4 d5 3. Nc3 Nf6 4. e5 Nfd7 5. Nce2 c5 6. c3 Nc6 7.
f4 Be7 8. Nf3 O-O 9. g3 f6 10.
Bh3 f5 11. O-O Qb6 12. Kh1 h6 13. g4 cxd4 14. cxd4 fxg4 15. Bxg4 Qd8 16. Bxe6+ Kh8 17. f5 Qe8 18. Nf4 Nb6 19. Ng6+ Kh7 20. Nxf8+ Qxf8 21. Bxc8 Rxc8 22. f6 gxf6 23. Nh4 Qg7 24. Rg1 Qf7 25. Qd3+ f5 26. Nxf5 Kh8 27. Bxh6 Rg8 28.
Rxg8+ 1-0

[Event "*** Titled Tuesday Blitz"]
[Site "Chess.com"]
[Date "2021.04.27"]
[Round "5"]
[White "salomez"]
[Black "ChessAdvanceUSA"]
[Result "1/2-1/2"]
[WhiteElo "2122"]
[BlackElo "2308"]
[TimeControl "180+1"]
[EndTime "10:52:27 PDT"]
[Termination "Game drawn by agreement"]

1. e4 Nc6 2. d4 d6 3. Nf3 Nf6 4.
Nc3 g6 5. Bc4 Bg7 6. Qe2 Bg4 7.
Be3 e5 8. d5 Ne7 9. h3 Bxf3 10.
Qxf3 O-O 11. O-O-O a6 12. g4 b5 13. Bd3 c5 14. dxc6 Nxc6 15. g5 Nh5 16. Nd5 Qa5 17. Kb1 Nb4 1/2-1/2

[Event "*** Titled Tuesday Blitz"]
[Site "Chess.com"]
[Date "2021.04.27"]
[Round "5"]
[White "ExtremeLearner"]
[Black "MVM2008"]
[Result "1-0"]
[WhiteElo "2418"]
[BlackElo "2257"]
[TimeControl "180+1"]
[EndTime "10:52:34 PDT"]
[Termination "ExtremeLearner won by resignation"]

1. d4 Nf6 2. c4 e6 3. g3 d5 4.
Bg2 Nc6 5. Nf3 Bb4+ 6. Bd2 Bxd2+ 7. Nbxd2 O-O 8. O-O b6 9. Rc1 Bb7 10. Qc2 Rc8 11. Rfd1 Na5 12. b4 Nxc4 13. Nxc4 dxc4 14. Qxc4 Bd5 15. Qa6 Qe7 16. b5 c5 17. bxc6 Bxc6 18. Ne5 Bxg2 19. Rxc8 Bd5 20. Rxf8+ Qxf8 21. Rc1 Ne8 22. Qxa7 1-0

[Event "*** Titled Tuesday Blitz"]
[Site "Chess.com"]
[Date "2021.04.27"]
[Round "5"]
[White "rikyshi"]
[Black "davigator"]
[Result "0-1"]
[WhiteElo "2184"]
[BlackElo "2441"]
[TimeControl "180+1"]
[EndTime "10:53:05 PDT"]
[Termination "davigator won by resignation"]

1. d4 Nf6 2. Nc3 d5 3. Bf4 c5 4. Nb5 Na6 5. e3 Bd7 6. Nc3 Qb6 7. b3 e6 8. Nf3 cxd4 9. exd4 Bb4 10. Qd3 Rc8 11. Bd2 Qa5 12. Ne2 Ne4 13. Bxb4 Nxb4 14. Qe3 Nxc2+ 0-1

[Event "*** Titled Tuesday Blitz"]
[Site "Chess.com"]
[Date "2021.04.27"]
[Round "5"]
[White "PawnEatingZombie"]
[Black "UnknownxArmy"]
[Result "1-0"]
[WhiteElo "2255"]
[BlackElo "2365"]
[TimeControl "180+1"]
[EndTime "10:53:06 PDT"]
[Termination "PawnEatingZombie won by resignation"]

1. d4 Nf6 2. c4 e6 3. Nc3 Bb4 4. Qc2 O-O 5. e4 d5 6. e5 Ne4 7. Bd3 c5 8. Nf3 cxd4 9. Nxd4 Nd7 10. Bf4 Qh4 11. g3 Qh5 12. h4 Bxc3+ 13. bxc3 Ndc5 14. Be2 Qg6 15. f3 Nxg3 16. Qxg6 fxg6 17. Bxg3 dxc4 18. Bxc4 Rxf3 19. Nxf3 1-0

[Event "*** Titled Tuesday Blitz"]
[Site "Chess.com"]
[Date "2021.04.27"]
[Round "5"]
[White "andriipalchuk"]
[Black "dennisodessa"]
[Result "0-1"]
[WhiteElo "2573"]
[BlackElo "2440"]
[TimeControl "180+1"]
[EndTime "10:53:13 PDT"]
[Termination "dennisodessa won by resignation"]

1. e4 e6 2. d4 d5 3. Nd2 Nf6 4. e5 Nfd7 5. Ngf3 c5 6. c3 Nc6 7. Bd3 Qb6 8. O-O cxd4 9. cxd4 Nxd4 10. Nxd4 Qxd4 11. Nf3 Qb6 12. Qa4 Qb4 13. Qc2 Qc5 14. Qe2 Qb6 15. h4 Nc5 16. Be3 Bd7 17. Rac1 Rc8 18.
Ng5 Be7 19. Nxh7 Qb4 20. g3 Nxd3 21. Rxc8+ Bxc8 22. Qxd3 Bxh4 23. gxh4 Qxh4 24. Qb5+ Bd7 25. Qxb7 Qg4+ 0-1

[Event "*** Titled Tuesday Blitz"]
[Site "Chess.com"]
[Date "2021.04.27"]
[Round "5"]
[White "djano"]
[Black "OlegKrivonosov"]
[Result "1/2-1/2"]
[WhiteElo "2493"]
[BlackElo "2674"]
[TimeControl "180+1"]
[EndTime "10:53:16 PDT"]
[Termination "Game drawn by agreement"]

1. e4 e5 2. Nf3 Nc6 3. d4 exd4 4. Nxd4 Nf6 5. Nxc6 bxc6 6. Bd3 d5 7. Nc3 Bb4 8.
exd5 cxd5 9. O-O O-O 10. h3 c6 11. Qf3 Bd6 12. Bg5 h6 13. Bxf6 Qxf6 14. Qxf6 gxf6 15. Ne2 Rb8 16. b3 Re8 17. Nd4 Bd7 18. Nf5 Bf8 19. f4 Bxf5 20. Bxf5 Re2 21. Bd3 Bc5+ 22. Kh1 Re3 23.
Rae1 Rbe8 24. Rxe3 Rxe3 25. Rf3 Rxf3 26. gxf3 Be3 27.
f5 Kf8 28. Kg2 Ke7 29. Kf1 Kd6 30. Ke2 Bf4 31. b4 c5 32. bxc5+ Kxc5 33. c3 1/2-1/2

[Event "*** Titled Tuesday Blitz"]
[Site "Chess.com"]
[Date "2021.04.27"]
[Round "5"]
[White "RafalBRC"]
[Black "LileKoridze"]
[Result "0-1"]
[WhiteElo "2177"]
[BlackElo "2412"]
[TimeControl "180+1"]
[EndTime "10:53:23 PDT"]
[Termination "LileKoridze won by resignation"]

1. d4 Nf6 2. c4 e6 3. Nc3 Bb4 4. f3 O-O 5. e4 d5 6. e5 Nfd7 7. Kf2 dxc4 8. Bxc4 c5 9. Be3 cxd4 10. Bxd4 Qc7 11.
Qe2 Nc6 12. Nb5 Qa5 13. f4 a6 14. Nf3 axb5 15. Bxb5 Nxd4 16. Nxd4 Bc5 17. Rhd1 Qb6 18.
Bxd7 Bxd4+ 0-1

[Event "*** Titled Tuesday Blitz"]
[Site "Chess.com"]
[Date "2021.04.27"]
[Round "5"]
[White "kakorrhaphiophobie"]
[Black "WiktoriaPOL"]
[Result "1-0"]
[WhiteElo "2308"]
[BlackElo "2040"]
[TimeControl "180+1"]
[EndTime "10:53:27 PDT"]
[Termination "kakorrhaphiophobie won by resignation"]

1. d4 d5 2. c4 e5 3. dxe5 d4 4. Nf3 Nc6 5. Nbd2 Nge7 6. Nb3 Ng6 7. Nbxd4 Bb4+ 8. Bd2 Nxd4 9. Bxb4 Nxf3+ 10. exf3 Qxd1+ 11. Rxd1 Nxe5 12. f4 Nc6 13. Ba3 Bd7 14. Be2 O-O-O 15. Bc5 b6 16. Be3 Rhe8 17. O-O Be6 18. b3 Ne7 19.
Rxd8+ Rxd8 20. Rd1 Rxd1+ 21. Bxd1 Nf5 22. Bd2 Kd7 23. g4 Nd4 24. f5 Bxf5 25. gxf5 Nxf5 26.
Be3 Ke6 27. Bg4 Ke5 28. Bxf5 Kxf5 29. Kf1 Ke4 30. Ke2 1-0

[Event "*** Titled Tuesday Blitz"]
[Site "Chess.com"]
[Date "2021.04.27"]
[Round "5"]
[White "gmcorrales"]
[Black "LazyIM"]
[Result "1-0"]
[WhiteElo "2868"]
[BlackElo "2609"]
[TimeControl "180+1"]
[EndTime "10:53:28 PDT"]
[Termination "gmcorrales won by resignation"]

1. e4 e5 2. Nf3 Nc6 3. d4 exd4 4.
Nxd4 Qf6 5. Nb3 Bb4+ 6. c3 Bd6 7. Bd3 Nge7 8. O-O Ng6 9. f4 Nxf4 10. g3 Nh3+ 11. Kg2 Qe6 12. Qh5 Ne5 13. Bc2 Ng4 14.
Nd4 Qg6 15. Qxh3 h5 16. e5 1-0

[Event "*** Titled Tuesday Blitz"]
[Site "Chess.com"]
[Date "2021.04.27"]
[Round "5"]
[White "Beca95"]
[Black "tdf98pantani"]
[Result "1-0"]
[WhiteElo "2866"]
[BlackElo "2716"]
[TimeControl "180+1"]
[EndTime "10:53:43 PDT"]
[Termination "Beca95 won by resignation"]

1. d4 d5 2. c4 e6 3. Nf3 Nf6 4. Nc3 Be7 5. Bf4 O-O 6. e3 a6 7. cxd5 Nxd5 8. Nxd5 exd5 9. Bd3 Nd7 10. O-O c5 11.
dxc5 Nxc5 12. h3 Qb6 13. b3 Be6 14. Rc1 Rac8 15. Bb1 g6 16. Bh6 Rfd8 17. Qd4 f6 18.
Ng5 Rc6 19. Nxh7 Kxh7 20. Qh4 Ne4 21. Bf8+ Kg8 22. Bxe7 Rxc1 23. Rxc1 Rc8 24. Rxc8+ Bxc8 25. Bxe4 1-0

[Event "*** Titled Tuesday Blitz"]
[Site "Chess.com"]
[Date "2021.04.27"]
[Round "5"]
[White "Poghosyan_Suren"]
[Black "Make_it_shine060"]
[Result "1-0"]
[WhiteElo "2363"]
[BlackElo "2171"]
[TimeControl "180+1"]
[EndTime "10:53:44 PDT"]
[Termination "Poghosyan_Suren won by resignation"]

1. e4 c5 2. Nf3 d6 3. c3 Nf6 4. Bb5+ Bd7 5. Bd3 Nc6 6. O-O g6 7. Re1 Bg7 8. Bc2 O-O 9. d4 cxd4 10. cxd4 Bg4 11. Be3 Qa5 12. Nc3 Rac8 13. h3 Bxf3 14. Qxf3 Nb4 15. Bb3 Nd3 16. Re2 Nxb2 17. Bd2 Nc4 18. Be1 Qb6 19. Rb1 Qxd4 20. Nd5 Nxd5 21. exd5 Ne5 22. Qg3 Rc3 23. Bxc3 Qc5 24. Rbe1 1-0

[Event "*** Titled Tuesday Blitz"]
[Site "Chess.com"]
[Date "2021.04.27"]
[Round "5"]
[White "lacafi"]
[Black "Matensien"]
[Result "0-1"]
[WhiteElo "2166"]
[BlackElo "2345"]
[TimeControl "180+1"]
[EndTime "10:53:47 PDT"]
[Termination "Matensien won by resignation"]

1. d4 Nf6 2. Nf3 g6 3. c4 Bg7 4. Nc3 O-O 5. e4 d6 6. Be2 e5 7.
dxe5 dxe5 8. O-O c6 9. Qc2 Qc7 10. b4 a5 11. b5 Bg4 12. Rd1 Nbd7 13. Ba3 Rfe8 14. Bd6 Qc8 15. bxc6 bxc6 16. Na4 Bf8 17. Rab1 Bxd6 18. Rxd6 Qc7 19. Rbd1 Bxf3 20. Bxf3 Kg7 21. h4 h5 22. Qd2 Nb6 23. Nxb6 Qxb6 24. Qg5 Nh7 25.
Qg3 Nf6 26. Be2 Nxe4 27. Rxg6+ fxg6 28. Rd7+ Kh6 29. Qe3+ Qxe3 0-1

[Event "*** Titled Tuesday Blitz"]
[Site "Chess.com"]
[Date "2021.04.27"]
[Round "5"]
[White "GM_LOADING"]
[Black "Vugar_Manafov"]
[Result "0-1"]
[WhiteElo "2556"]
[BlackElo "2743"]
[TimeControl "180+1"]
[EndTime "10:53:52 PDT"]
[Termination "Vugar_Manafov won by resignation"]

1. e4 Nf6 2. e5 Nd5 3. d4 d6 4. Nf3 Nb6 5. Be2 g6 6. O-O Bg7 7. exd6 cxd6 8. c3 O-O 9. Bf4 Nc6 10. Re1 e5 11. dxe5 dxe5 12. Bg5 Qc7 13. Na3 a6 14.
Qc2 h6 15. Be3 Nd5 16. Bc5 Rd8 17. Nc4 b6 18. Ba3 b5 19. Ncd2 Bf5 20. Qc1 Nf4 21.
Bf1 g5 22. Bc5 Bd3 23. Be3 Bxf1 24. Rxf1 Ne2+ 0-1

[Event "*** Titled Tuesday Blitz"]
[Site "Chess.com"]
[Date "2021.04.27"]
[Round "5"]
[White "Mazanchenko_Dmitry"]
[Black "friesnielsen2302"]
[Result "0-1"]
[WhiteElo "2268"]
[BlackElo "2525"]
[TimeControl "180+1"]
[EndTime "10:53:52 PDT"]
[Termination "friesnielsen2302 won on time"]

1. e4 c6 2. Nc3 d5 3. Nf3 dxe4 4.
Nxe4 Nf6 5. Nxf6+ exf6 6. d4 Be6 7. g3 Na6 8. c3 Nc7 9. Bg2 Bc4 10. b3 Be6 11.
O-O Be7 12. Re1 O-O 13. c4 Qd7 14. Bb2 Rad8 15. a3 a5 16. Qd2 a4 17. d5 cxd5 18.
cxd5 Bxd5 19. bxa4 Ne6 20. Rad1 Qxa4 21. Qc3 Rc8 22.
Qd3 Rfd8 23. Qf5 Qb3 24. Ba1 Bxa3 25. Qh3 Bc5 0-1

[Event "*** Titled Tuesday Blitz"]
[Site "Chess.com"]
[Date "2021.04.27"]
[Round "5"]
[White "JiiHart"]
[Black "serhanberat_ozdemir"]
[Result "0-1"]
[WhiteElo "2044"]
[BlackElo "2572"]
[TimeControl "180+1"]
[EndTime "10:53:54 PDT"]
[Termination "serhanberat_ozdemir won by resignation"]

1. e4 c5 2. Nf3 e6 3. d4 cxd4 4. Nxd4 a6 5. Nc3 b5 6. Bd3 Qb6 7. Nb3 Qc7 8. Be3 Bb7 9. O-O Nf6 10. a3 d6 11. f4 Nbd7 12. Qe2 Be7 13. Kh1 O-O 14.
Rad1 Nc5 15. Nxc5 dxc5 16. e5 Nd5 17. Nxd5 Bxd5 18. Qh5 g6 19. Qh6 Qb7 20. Rf2 Rfd8 21. Be2 Bf8 22. Qh4 Be4 23. Bd3 c4 24. Bxe4 Rxd1+ 0-1

[Event "*** Titled Tuesday Blitz"]
[Site "Chess.com"]
[Date "2021.04.27"]
[Round "5"]
[White "Goryachkina"]
[Black "andrewtnb"]
[Result "1-0"]
[WhiteElo "2664"]
[BlackElo "2261"]
[TimeControl "180+1"]
[EndTime "10:53:56 PDT"]
[Termination "Goryachkina won on time"]

1. e4 e6 2. d4 d5 3. e5 c5 4. c3 Qb6 5. Nf3 Bd7 6. Be2 cxd4 7. cxd4 Bb5 8. O-O Bxe2 9. Qxe2 Nc6 10. Be3 Nge7 11.
Nc3 Nf5 12. Rad1 Be7 13. g4 Nxe3 14. fxe3 O-O-O 15. Rc1 Kb8 16. Na4 Qa6 17. Qxa6 bxa6 18. Rxc6 1-0

[Event "*** Titled Tuesday Blitz"]
[Site "Chess.com"]
[Date "2021.04.27"]
[Round "5"]
[White "Lyschko"]
[Black "Manukyan_Artak"]
[Result "0-1"]
[WhiteElo "2260"]
[BlackElo "2450"]
[TimeControl "180+1"]
[EndTime "10:53:56 PDT"]
[Termination "Manukyan_Artak won by resignation"]

1. c4 Nf6 2. Nc3 c5 3. g3 Nc6 4. Bg2 e5 5. e3 d6 6. Nge2 h5 7. h3 Be6 8. b3 Qd7 9. d4 exd4 10. exd4 cxd4 11. Nxd4 O-O-O 12. Bg5 Be7 13. Ndb5 Kb8 14. Bf4 Ne5 15. O-O Bxh3 16. Qd4 Nc6 17. Bxh3 Qxh3 18.
Nxd6 Nxd4 19. Ndb5+ Kc8 20. Nxa7+ Kd7 21. Rad1 Ke8 0-1

[Event "*** Titled Tuesday Blitz"]
[Site "Chess.com"]
[Date "2021.04.27"]
[Round "5"]
[White "DanielTitichoca"]
[Black "WonderChampion"]
[Result "1-0"]
[WhiteElo "2398"]
[BlackElo "2109"]
[TimeControl "180+1"]
[EndTime "10:53:57 PDT"]
[Termination "DanielTitichoca won by resignation"]

1. e4 c5 2. Nf3 g6 3. Bc4 Bg7 4. O-O e6 5. c3 Ne7 6. d4 cxd4 7. cxd4 O-O 8. Nc3 Nbc6 9. e5 d5 10. Bd3 Nf5 11. Ne2 Bd7 12. g3 a6 13. Kg2 h5 14.
h4 b5 15. Bg5 Qc7 16. Rc1 Qb6 17. Bxf5 exf5 18. Nf4 Be6 19. Qd2 a5 20. Bf6 Bh6 21. Bg5 Bg7 22. Nxh5 gxh5 23. Bf6 Rfc8 24. Qg5 Kf8 25.
Qxg7+ Ke8 26. Rfd1 Kd7 27. Ng5 Rg8 28. Qh7 Raf8 29.
Qxh5 Nxd4 30. Nxe6 Nxe6 31. Rxd5+ Ke8 32. Rc8+ Nd8 1-0

[Event "*** Titled Tuesday Blitz"]
[Site "Chess.com"]
[Date "2021.04.27"]
[Round "5"]
[White "Diego_FloresQ"]
[Black "beto-betun"]
[Result "1/2-1/2"]
[WhiteElo "2600"]
[BlackElo "2214"]
[TimeControl "180+1"]
[EndTime "10:53:57 PDT"]
[Termination "Game drawn by agreement"]

1. e4 c5 2. Nf3 d6 3. d4 cxd4 4.
Nxd4 Nf6 5. Nc3 a6 6. Bg5 e6 7.
Qe2 Be7 8. f4 Qc7 9. O-O-O Nbd7 10. g3 b5 11. Bg2 b4 12. Nb1 Bb7 13. Rhe1 Rc8 14. e5 Bxg2 15. exf6 gxf6 16. Qxg2 fxg5 17. f5 e5 18. Nb3 a5 1/2-1/2

[Event "*** Titled Tuesday Blitz"]
[Site "Chess.com"]
[Date "2021.04.27"]
[Round "5"]
[White "IANOV0007"]
[Black "kritipatel"]
[Result "1-0"]
[WhiteElo "2468"]
[BlackElo "1771"]
[TimeControl "180+1"]
[EndTime "10:54:00 PDT"]
[Termination "IANOV0007 won by checkmate"]

1. Nf3 d5 2. g3 Nf6 3. Bg2 e6 4. O-O Be7 5. c4 O-O 6. d4 dxc4 7. Qc2 a6 8. a4 Bd7 9. Qxc4 Nc6 10.
Bg5 h6 11. Bxf6 Bxf6 12. Rd1 Qe7 13. Nc3 Nb4 14. e4 c6 15. e5 Bg5 16. h4 b5 17.
Qe2 Bxh4 18. Nxh4 Rac8 19. Nf3 c5 20. axb5 axb5 21. Nxb5 c4 22. Nd6 Rb8 23. Ra7 Qd8 24. Qxc4 f6 25. Qc7 Ra8 26. Qxd7 Rxa7 27. Qxa7 fxe5 28.
dxe5 Nc6 29. Qc5 Qc7 30. Nd4 Qb8 31. Nxc6 Qxb2 32. Ne7+ Kh7 33. Be4+ g6 34. Nxg6 Kg7 35. Qc7+ Kg8 36. Nxf8 h5 37. Qf7+ Kh8 38. Qh7# 1-0

[Event "*** Titled Tuesday Blitz"]
[Site "Chess.com"]
[Date "2021.04.27"]
[Round "5"]
[White "chessprincesa1"]
[Black "AntonovaNadezhda"]
[Result "1-0"]
[WhiteElo "2316"]
[BlackElo "2108"]
[TimeControl "180+1"]
[EndTime "10:54:02 PDT"]
[Termination "chessprincesa1 won by resignation"]

1. d4 Nf6 2. c4 g6 3. Nc3 Bg7 4. e4 d6 5. Be2 O-O 6. Nf3 e5 7. O-O Nc6 8. d5 Ne7 9. Ne1 Nd7 10. Nd3 f5 11. Bd2 Nf6 12. f3 f4 13. Rc1 Rf7 14. c5 g5 15. Nb5 Ng6 16. Ba5 b6 17. cxd6 bxa5 18. dxc7 Qd7 19. Nc5 Qe8 20. Nd6 Qf8 21. Nxf7 Qxf7 22. d6 Nd7 23. Bc4 Nxc5 24. Bxf7+ Kxf7 25. Rxc5 Bd7 26. Qd5+ 1-0

[Event "*** Titled Tuesday Blitz"]
[Site "Chess.com"]
[Date "2021.04.27"]
[Round "5"]
[White "Marty435"]
[Black "Rsnr"]
[Result "1-0"]
[WhiteElo "2611"]
[BlackElo "2757"]
[TimeControl "180+1"]
[EndTime "10:54:05 PDT"]
[Termination "Marty435 won by resignation"]

1. e4 c6 2. d4 d5 3. e5 Bf5 4.
Nd2 e6 5. Nb3 Ne7 6. Nf3 Nd7 7.
Be2 Bg6 8. O-O Nf5 9. Bd2 Be7 10. g4 Nh6 11. h3 Ng8 12. c4 h5 13. cxd5 exd5 14.
Ba5 b6 15. Bd2 hxg4 16. hxg4 Nh6 17. Nh2 f5 18. exf6 Bxf6 19. Qc1 Nf7 20. Qxc6 Be4 21.
f3 Rc8 22. Qe6+ Kf8 23. fxe4 dxe4 24. Bc4 Nde5 25. dxe5 Nxe5 26. Bb4+ 1-0

[Event "*** Titled Tuesday Blitz"]
[Site "Chess.com"]
[Date "2021.04.27"]
[Round "5"]
[White "poppy73"]
[Black "Dave_ChessMate"]
[Result "1-0"]
[WhiteElo "2192"]
[BlackElo "2462"]
[TimeControl "180+1"]
[EndTime "10:54:09 PDT"]
[Termination "poppy73 won by resignation"]

1. e4 c5 2. Nf3 Nc6 3. d4 cxd4 4. Nxd4 e5 5. Nb5 d6 6. N1c3 a6 7. Na3 b5 8. Nd5 Nge7 9. c4 Nxd5 10. Qxd5 Bb7 11. cxb5 Na5 12. Qd1 Be7 13. Bd2 axb5 14.
Bxb5+ Bc6 15. O-O O-O 16. Bxa5 Qxa5 17. Bxc6 Rab8 18. Nc4 Qc7 19. Bd5 Kh8 20. a4 f5 21.
f3 f4 22. a5 g5 23. a6 Qa7+ 24. Kh1 h5 25. Na5 Rxb2 26. Nc6 Qd7 27. a7 g4 28. Nxe7 Qxe7 29. a8=Q g3 30. Qxf8+ Qxf8 31. Ra8 Rb8 32. Rxb8 Qxb8 33. Qa4 h4 34. Qa8 1-0

[Event "*** Titled Tuesday Blitz"]
[Site "Chess.com"]
[Date "2021.04.27"]
[Round "5"]
[White "FMalexhdez"]
[Black "alexgo05"]
[Result "0-1"]
[WhiteElo "2263"]
[BlackElo "2475"]
[TimeControl "180+1"]
[EndTime "10:54:12 PDT"]
[Termination "alexgo05 won by resignation"]

1. e4 c6 2. d4 g6 3. Nf3 Bg7 4.
c3 d5 5. exd5 cxd5 6. Bd3 Nc6 7.
O-O Nh6 8. Bf4 f6 9. Qd2 Nf7 10. Re1 O-O 11. c4 Bg4 12. cxd5 Bxf3 13. dxc6 Bxc6 14.
Bc4 Kh8 15. d5 Bd7 16. Nc3 Nd6 17. Bb3 Rc8 18. Bxd6 exd6 19. Ne4 Qb6 20. Qe3 Qa6 21. Qg3 f5 22. Nxd6 f4 23. Qh4 Qxd6 24. Re7 Rfe8 25. Rae1 Rxe7 0-1

[Event "*** Titled Tuesday Blitz"]
[Site "Chess.com"]
[Date "2021.04.27"]
[Round "5"]
[White "fabianvivasz"]
[Black "Pelopidass"]
[Result "0-1"]
[WhiteElo "2371"]
[BlackElo "2552"]
[TimeControl "180+1"]
[EndTime "10:54:13 PDT"]
[Termination "Pelopidass won by resignation"]

1. c4 Nf6 2. Nc3 g6 3. g3 Bg7 4. Bg2 O-O 5. e4 d6 6. d4 e5 7. Nf3 Bg4 8. dxe5 Bxf3 9. exf6 Bxd1 10. fxg7 Kxg7 11. Nxd1 Nc6 12. b3 Nd4 13. Bb2 c5 14.
Ne3 Qa5+ 15. Kf1 Qd2 16. Bxd4+ cxd4 17. Nd5 d3 18. Bf3 f5 19. Rd1 Qxa2 20. Nf4 fxe4 21.
Bxe4 Rxf4 22. gxf4 Qe2+ 23. Kg2 Qg4+ 0-1

[Event "*** Titled Tuesday Blitz"]
[Site "Chess.com"]
[Date "2021.04.27"]
[Round "5"]
[White "McCarthyStone"]
[Black "elcandado"]
[Result "0-1"]
[WhiteElo "2347"]
[BlackElo "2636"]
[TimeControl "180+1"]
[EndTime "10:54:15 PDT"]
[Termination "elcandado won by resignation"]

1. e4 e5 2. Nf3 Nc6 3. Nc3 Nf6 4. d4 exd4 5. Nd5 Nb4 6. Bc4 Nbxd5 7. exd5 Bb4+ 8. Bd2 Qe7+ 9. Qe2 Bxd2+ 10. Kxd2 Qxe2+ 11. Kxe2 d6 12. Nxd4 a6 13. a4 O-O 14. f3 Re8+ 15. Kf2 b6 16. Bb3 Bb7 17. c4 a5 18.
Rhe1 Ba6 19. g3 Nd7 20. Nb5 Bxb5 21. axb5 Ne5 22. Re3 Kf8 23. Rae1 Re7 24. h3 Rae8 25. Kf1 Nxf3 26. Rxe7 Rxe7 27. Rxe7 Kxe7 28. Bc2 Nd2+ 29. Ke2 Nxc4 30. Bxh7 g6 0-1

[Event "*** Titled Tuesday Blitz"]
[Site "Chess.com"]
[Date "2021.04.27"]
[Round "5"]
[White "Shahinyan_ChessMood"]
[Black "northridgehawk"]
[Result "0-1"]
[WhiteElo "2777"]
[BlackElo "2357"]
[TimeControl "180+1"]
[EndTime "10:54:16 PDT"]
[Termination "northridgehawk won by checkmate"]

1. e4 e5 2. Nf3 Nc6 3. d4 exd4 4.
Nxd4 Qh4 5. Nc3 Bb4 6. Be2 Nf6 7. O-O d6 8. Nf3 Qh5 9. Nd5 Nxd5 10. exd5 Ne7 11. Qd4 Bc5 12. Bb5+ c6 13. dxc6 bxc6 14. Qxg7 Rg8 15. Bxc6+ Kd8 16. Qf6 Rg6 17. Qh8+ Rg8 18.
Qf6 Rg6 19. Qxf7 Nxc6 20. Bf4 Rxg2+ 21. Kxg2 Qxf7 22. Bg3 Bb7 23. Rad1 Nd4 24. Rd3 Bxf3+ 25. Kg1 Ne2# 0-1

[Event "*** Titled Tuesday Blitz"]
[Site "Chess.com"]
[Date "2021.04.27"]
[Round "5"]
[White "juancruzarias"]
[Black "The_filthy"]
[Result "1-0"]
[WhiteElo "2582"]
[BlackElo "2410"]
[TimeControl "180+1"]
[EndTime "10:54:17 PDT"]
[Termination "juancruzarias won by resignation"]

1. d4 d5 2. c4 c6 3. cxd5 cxd5 4. Nc3 Nf6 5. Nf3 Nc6 6. Bf4 Bf5 7. e3 e6 8. Bb5 Be7 9. Ne5 Rc8 10. Qa4 O-O 11.
Bxc6 bxc6 12. Nxc6 Qd7 13. Nxe7+ Qxe7 14. O-O Rc4 15.
Qb3 Ne4 16. Nxe4 Bxe4 17. Rfc1 Rfc8 18. Qd1 g5 19. Be5 f6 20. Bg3 Bg6 21. b3 Rc2 22. Rxc2 Rxc2 23. h4 Qa3 24. hxg5 fxg5 25. Qg4 Qb2 26.
Rf1 Rc1 27. Rxc1 Qxc1+ 28. Kh2 Qc6 29. Qxg5 a5 30. Be5 1-0

[Event "*** Titled Tuesday Blitz"]
[Site "Chess.com"]
[Date "2021.04.27"]
[Round "5"]
[White "Keks2017"]
[Black "HouseOfDurin"]
[Result "1-0"]
[WhiteElo "2471"]
[BlackElo "2138"]
[TimeControl "180+1"]
[EndTime "10:54:17 PDT"]
[Termination "Keks2017 won by resignation"]

1. e4 c5 2. d3 Nc6 3. g3 g6 4. Bg2 Bg7 5. f4 e5 6. c3 Nge7 7. Nf3 d6 8. O-O f5 9. Na3 O-O 10.
Qb3+ Kh8 11. Ng5 Na5 12. Nf7+ Kg8 13. Nxd8+ Nxb3 14. axb3 Rxd8 15. Nc4 a6 16. Be3 Be6 17. fxe5 Bxc4 18. exd6 Rxd6 19. bxc4 Rxd3 20. Bxc5 Nc6 21. exf5 gxf5 22. Rxf5 Rd2 23. Rf2 Rad8 24. Bd5+ Kh8 25.
Rxd2 1-0

[Event "*** Titled Tuesday Blitz"]
[Site "Chess.com"]
[Date "2021.04.27"]
[Round "5"]
[White "Skat2704"]
[Black "Willhaven3"]
[Result "1-0"]
[WhiteElo "2694"]
[BlackElo "2509"]
[TimeControl "180+1"]
[EndTime "10:54:19 PDT"]
[Termination "Skat2704 won by resignation"]

1. d4 Nf6 2. c4 e6 3. Nf3 d5 4. Nc3 dxc4 5. e3 a6 6. Bxc4 b5 7. Be2 Bb7 8. O-O Nbd7 9. b3 c5 10. Bb2 Qb8 11. Rc1 Bd6 12. h3 O-O 13. dxc5 Nxc5 14. b4 Nce4 15. Nxe4 Nxe4 16. Bd3 Rd8 17. a3 Bf8 18. Qe2 Bd5 19. Nd4 Qb7 20. Rfd1 Nd6 21. f3 Nc4 22. e4 Nxb2 23. Qxb2 Qb6 24. exd5 e5 25. Bxh7+ Kxh7 26. Rc6 Qa7 27. Qc2+ Kg8 28. Rc7 Qb6 29. Qc6 Rab8 30. Qxb6 Rxb6 31. Nc6 Rd6 32. Nxe5 Rf6 33. Nd7 1-0

[Event "*** Titled Tuesday Blitz"]
[Site "Chess.com"]
[Date "2021.04.27"]
[Round "5"]
[White "1977Ivan"]
[Black "chessflav"]
[Result "1-0"]
[WhiteElo "2648"]
[BlackElo "2275"]
[TimeControl "180+1"]
[EndTime "10:54:19 PDT"]
[Termination "1977Ivan won by checkmate"]

1. d4 g6 2. e4 Bg7 3. Nc3 d6 4. f4 Nd7 5. Nf3 c5 6. Be3 Nh6 7. dxc5 Ng4 8. Bg1 Nxc5 9. h3 Nf6 10. Bxc5 dxc5 11. Qxd8+ Kxd8 12. O-O-O+ Kc7 13. e5 Nh5 14. Nd5+ Kb8 15. g4 Ng3 16. Rg1 Nxf1 17. Rgxf1 e6 18. Nf6 Kc7 19. Ng5 Bxf6 20. exf6 Bd7 21. Nxf7 Rhf8 22. Ne5 Bb5 23. c4 Ba4 24. b3 Bc6 25. f7 Bg2 26. Rd7+ Kb6 27. Rfd1 Ka5 28. Kb2 Bxh3 29.
Rxb7 h5 30. Rb5+ Ka6 31. Rd6# 1-0